Match 47340296
Unlisted

Match 47340296
End
Kradschützen Motorcycle Team
Selects Armored Support Battlegroup
Panzergrenadier Squad
Panzergrenadier Squad
Construct Light Support Kompanie
2.5-tonne Medical Truck
Fire Support Elements
Veteran Squad Leaders
Assault Mechanized Group
Selects Veteran Gunners
Construct Panzerarmee Kommand
Selects Veteran Gunners
Selects Flammpanzer III Medium Tank
Armored Reserves
le.IG 18 Mechanized Group
Selects Salvage Kits
Panzerjäger Squad
Selects Command Panzer IV F Medium Tank
Command Panzer IV F Medium Tank
faunusflora
-AL- Nimahfrosch
ConcernedApe
Silverstatic
0
0

Comments sign in to comment!

No comments posted yet!